EL
CHATTANOOGA LOOKOUTS @ ERIE SEAWOLVES
05/03/2048
 
TOP OF THE 1ST
Chattanooga Lookouts batting - Pitching for Erie SeaWolves : RHP John Evancho
Pitching: RHP John Evancho
Batting: LHB Harris Vink 0-0: Foul Ball, location: 2F
0-1: Foul Ball, location: 2F
0-2: Foul Ball, location: 2F
0-2: Strikes out swinging
Batting: SHB Matt Urbani 0-0: Ball
1-0: Ball
2-0: Called Strike
2-1: SINGLE (Groundball, 34S, EV 66.9 MPH) (infield hit)
Batting: RHB Leo Gonzalez 0-0: Ball
Matt Urbani is caught stealing 2nd base 2-4
1-0: Called Strike
1-1: Ball
2-1: Ball
3-1: Base on Balls
Batting: LHB Jon Ventura 0-0: Ball
1-0: Ball
2-0: Fly out, F7 (Flyball, 78D, EV 105.6 MPH)
Top of the 1st over - 0 runs, 1 hit, 0 errors, 1 left on base; Chattanooga 0 - Erie 0
BOTTOM OF THE 1ST
Erie SeaWolves batting - Pitching for Chattanooga Lookouts : LHP Willie Jimenez
Pitching: LHP Willie Jimenez
Batting: RHB Eric Angelle 0-0: Ball
1-0: Ball
2-0: Ball
3-0: Called Strike
3-1: DOUBLE (Flyball, 78XD, EV 97.5 MPH)
Batting: RHB Tony Soto 0-0: Ball
1-0: Ball
2-0: Ball
3-0: Called Strike
3-1: Base on Balls
Batting: RHB Adam MacConnell 0-0: Ball
1-0: Foul Ball, location: 2F
1-1: Foul Ball, location: 2F
1-2: Ball
2-2: Foul Ball, location: 2F
2-2: SINGLE (Groundball, 56S, EV 63.8 MPH) (infield hit)
Eric Angelle to third
Tony Soto to second
Batting: RHB Benny O'Connor 0-0: Foul Ball, location: 2F
0-1: Foul Ball, location: 2F
0-2: Ball
1-2: Ball
2-2: Ball
3-2: Foul Ball, location: 2F
3-2: Base on Balls
Eric Angelle scores
Tony Soto to third
Adam MacConnell to second
Batting: RHB Mike Sebastian 0-0: Called Strike
0-1: Fly out, F9 (Flyball, 9D, EV 106.2 MPH)
Batting: RHB Jose Evangelista 0-0: Called Strike
0-1: Foul Ball, location: 2F
0-2: Strikes out swinging
Batting: RHB Willie Ochoa 0-0: Ground out 4-3 (Groundball, 4, EV 86.9 MPH)
Bottom of the 1st over - 1 run, 2 hits, 0 errors, 3 left on base; Chattanooga 0 - Erie 1
TOP OF THE 2ND
Chattanooga Lookouts batting - Pitching for Erie SeaWolves : RHP John Evancho
Batting: LHB Israel Montoya 0-0: Ball
1-0: Ball
2-0: Swinging Strike
2-1: Swinging Strike
2-2: Fly out, F7 (Flyball, 7, EV 83.1 MPH)
Batting: RHB Michael McDonald 0-0: Foul Ball, location: 2F
0-1: Swinging Strike
0-2: Ball
1-2: Ball
2-2: Foul Ball, location: 2F
2-2: Ball
3-2: Base on Balls
Batting: RHB John Dew 0-0: Ball
1-0: Swinging Strike
1-1: Ball
2-1: Grounds into double play, 4-6-3 (Groundball, 4, EV 98.8 MPH)
Top of the 2nd over - 0 runs, 0 hits, 0 errors, 0 left on base; Chattanooga 0 - Erie 1
BOTTOM OF THE 2ND
Erie SeaWolves batting - Pitching for Chattanooga Lookouts : LHP Willie Jimenez
Batting: RHB John Evancho 0-0: Foul Ball, location: 2F
0-1: Ball
1-1: Ground out U3 (Groundball, 34, EV 107.5 MPH)
Batting: LHB Nick Nino 0-0: SINGLE (Groundball, 34D, EV 105.0 MPH)
Batting: RHB Eric Angelle 0-0: Ball
1-0: Called Strike
1-1: Foul Ball, location: 2F
1-2: Fielders Choice at 2nd, 6-4 (Groundball, 6, EV 82.5 MPH)
Batting: RHB Tony Soto 0-0: Ball
1-0: Ball
2-0: Ball
3-0: Called Strike
3-1: Base on Balls
Eric Angelle to second
Batting: RHB Adam MacConnell 0-0: Ball
1-0: Ball
2-0: Ball
3-0: Called Strike
3-1: Called Strike
3-2: Ground out 1-3 (Groundball, 13S, EV 73.1 MPH)
Bottom of the 2nd over - 0 runs, 1 hit, 0 errors, 2 left on base; Chattanooga 0 - Erie 1
TOP OF THE 3RD
Chattanooga Lookouts batting - Pitching for Erie SeaWolves : RHP John Evancho
Batting: RHB Nick Phipps 0-0: Ball
1-0: Ball
2-0: Ball
3-0: Called Strike
3-1: Swinging Strike
3-2: Foul Ball, location: 2F
3-2: Ground out 6-3 (Groundball, 6, EV 108.8 MPH)
Batting: RHB Jose Gracia 0-0: Called Strike
0-1: Ball
1-1: Ball
2-1: Swinging Strike
2-2: SINGLE (Groundball, 6MD, EV 97.5 MPH)
Batting: LHB Harris Vink 0-0: Called Strike
0-1: Called Strike
Jose Gracia steals 2nd base
0-2: Ball
1-2: Strikes out swinging
Batting: SHB Matt Urbani 0-0: Ball
1-0: Called Strike
1-1: Ball
2-1: SINGLE (Flyball, 89S, EV 90.6 MPH)
Jose Gracia to third
Runner from 3rd tries for Home, SAFE, throw by RF to home
Batting: RHB Leo Gonzalez 0-0: Ball
1-0: Foul Ball, location: 2F
1-1: Called Strike
1-2: Foul Ball, location: 2F
1-2: Foul Ball, location: 2F
1-2: Foul Ball, location: 2F
1-2: Ball
2-2: Foul Ball, location: 2F
2-2: Ground out 4-3 (Groundball, 4, EV 95.6 MPH)
Top of the 3rd over - 1 run, 2 hits, 0 errors, 1 left on base; Chattanooga 1 - Erie 1
BOTTOM OF THE 3RD
Erie SeaWolves batting - Pitching for Chattanooga Lookouts : LHP Willie Jimenez
Batting: RHB Benny O'Connor 0-0: Called Strike
0-1: Called Strike
0-2: Strikes out swinging
Batting: RHB Mike Sebastian 0-0: Ball
1-0: Swinging Strike
1-1: Foul Ball, location: 2F
1-2: Fly out, F9 (Flyball, 9LM, EV 82.5 MPH)
Batting: RHB Jose Evangelista 0-0: Ball
1-0: Called Strike
1-1: Fly out, F6 (Popup, 6S, EV 70.6 MPH)
Bottom of the 3rd over - 0 runs, 0 hits, 0 errors, 0 left on base; Chattanooga 1 - Erie 1
TOP OF THE 4TH
Chattanooga Lookouts batting - Pitching for Erie SeaWolves : RHP John Evancho
Batting: LHB Jon Ventura 0-0: Foul Ball, location: 2F
0-1: Ball
1-1: Ball
2-1: Ball
3-1: SINGLE (Groundball, 4MD, EV 95.0 MPH)
Batting: LHB Israel Montoya 0-0: Called Strike
Jon Ventura steals 2nd base
0-1: Ball
1-1: Foul Ball, location: 2F
1-2: Foul Ball, location: 2F
1-2: Strikes out swinging
Batting: RHB Michael McDonald 0-0: Ball
1-0: DOUBLE (Line Drive, 78M, EV 105.6 MPH)
Jon Ventura scores
Batting: RHB John Dew 0-0: Ball
1-0: Called Strike
1-1: Called Strike
1-2: Foul Ball, location: 2F
1-2: Foul Ball, location: 2F
1-2: Strikes out swinging
Batting: RHB Nick Phipps 0-0: Ball
1-0: Called Strike
1-1: Called Strike
1-2: Ground out 6-3 (Groundball, 6, EV 77.5 MPH)
Top of the 4th over - 1 run, 2 hits, 0 errors, 1 left on base; Chattanooga 2 - Erie 1
BOTTOM OF THE 4TH
Erie SeaWolves batting - Pitching for Chattanooga Lookouts : LHP Willie Jimenez
Batting: RHB Willie Ochoa 0-0: Ball
1-0: Ground out 1-3 (Groundball, 34S, EV 62.5 MPH)
Batting: RHB John Evancho 0-0: Called Strike
0-1: Ball
1-1: Ground out 6-3 (Groundball, 4MS, EV 87.5 MPH)
Batting: LHB Nick Nino 0-0: Ball
1-0: TRIPLE (Line Drive, 89XD, EV 101.2 MPH)
Batting: RHB Eric Angelle 0-0: Ball
1-0: Ball
2-0: Called Strike
2-1: Ball
3-1: Called Strike
3-2: Foul Ball, location: 2F
3-2: Fly out, F9 (Flyball, 9LS, EV 89.4 MPH)
Bottom of the 4th over - 0 runs, 1 hit, 0 errors, 1 left on base; Chattanooga 2 - Erie 1
TOP OF THE 5TH
Chattanooga Lookouts batting - Pitching for Erie SeaWolves : RHP John Evancho
Batting: RHB Jose Gracia 0-0: Called Strike
0-1: Ball
1-1: DOUBLE (Line Drive, 89M, EV 90.0 MPH)
Batting: LHB Harris Vink 0-0: Swinging Strike
0-1: Foul Ball, location: 2F
0-2: Strikes out looking
Batting: SHB Matt Urbani 0-0: Foul Ball, location: 2F
0-1: Swinging Strike
0-2: Foul Ball, location: 2F
0-2: Ball
1-2: Strikes out swinging
Batting: RHB Leo Gonzalez 0-0: Ball
1-0: SINGLE (Line Drive, 89S, EV 96.2 MPH)
Jose Gracia to third
Batting: LHB Jon Ventura 0-0: Ball
1-0: Called Strike
1-1: Foul Ball, location: 2F
1-2: Strikes out swinging
Top of the 5th over - 0 runs, 2 hits, 0 errors, 2 left on base; Chattanooga 2 - Erie 1
BOTTOM OF THE 5TH
Erie SeaWolves batting - Pitching for Chattanooga Lookouts : LHP Willie Jimenez
Batting: RHB Tony Soto 0-0: Called Strike
0-1: Ball
1-1: Called Strike
1-2: Strikes out looking
Batting: RHB Adam MacConnell 0-0: Called Strike
0-1: Ball
1-1: Foul Ball, location: 2F
1-2: Ball
2-2: Strikes out swinging
Batting: RHB Benny O'Connor 0-0: Ball
1-0: Foul Ball, location: 2F
1-1: Foul Ball, location: 2F
1-2: Ball
2-2: Ball
3-2: Fly out, F9 (Flyball, 89M, EV 78.1 MPH)
Bottom of the 5th over - 0 runs, 0 hits, 0 errors, 0 left on base; Chattanooga 2 - Erie 1
TOP OF THE 6TH
Chattanooga Lookouts batting - Pitching for Erie SeaWolves : RHP John Evancho
Pitching: RHP Andy Thoennes
Batting: LHB Israel Montoya 0-0: Called Strike
0-1: Foul Ball, location: 2F
0-2: Ball
1-2: Ground out U3 (Groundball, 3, EV 110.0 MPH)
Batting: RHB Michael McDonald 0-0: Ball
1-0: SINGLE (Line Drive, 4MD, EV 103.8 MPH)
Batting: RHB John Dew 0-0: Ball
1-0: Called Strike
1-1: Ball
2-1: Grounds into double play, 4-6-3 (Groundball, 4, EV 88.1 MPH)
Top of the 6th over - 0 runs, 1 hit, 0 errors, 0 left on base; Chattanooga 2 - Erie 1
BOTTOM OF THE 6TH
Erie SeaWolves batting - Pitching for Chattanooga Lookouts : LHP Willie Jimenez
Batting: RHB Mike Sebastian 0-0: Called Strike
0-1: Ball
1-1: Ball
2-1: Foul Ball, location: 2F
2-2: Foul Ball, location: 2F
2-2: TRIPLE (Line Drive, 9LD, EV 101.9 MPH)
Batting: RHB Jose Evangelista 0-0: Ball
1-0: Ball
2-0: Ball
3-0: Base on Balls
Pitching: LHP John Pedlar
Batting: RHB Willie Ochoa 0-0: Ball
Wild Pitch!
Mike Sebastian scores
Jose Evangelista to second
1-0: Ball
2-0: Called Strike
2-1: Foul Ball, location: 2F
2-2: Foul Ball, location: 2F
2-2: Strikes out swinging
Batting: RHB John Evancho 0-0: Intentional Walk
Batting: LHB Nick Nino 0-0: Called Strike
0-1: SINGLE (Line Drive, 6D, EV 93.8 MPH)
Jose Evangelista to third
John Evancho to second
Batting: RHB Eric Angelle 0-0: Ball
1-0: SINGLE (Groundball, 2L, EV 62.5 MPH) (infield hit)
Jose Evangelista scores
John Evancho to third
Nick Nino to second
Batting: RHB Tony Soto 0-0: Ball
1-0: Ball
2-0: Foul Ball, location: 2F
2-1: Ball
3-1: Foul Ball, location: 2F
3-2: Strikes out looking
Batting: RHB Adam MacConnell 0-0: Called Strike
0-1: Ball
1-1: Foul Ball, location: 2F
1-2: Ball
2-2: Foul Ball, location: 2F
2-2: Ball
3-2: Base on Balls
John Evancho scores
Nick Nino to third
Eric Angelle to second
Batting: RHB Benny O'Connor 0-0: Called Strike
0-1: Foul Ball, location: 2F
0-2: Strikes out swinging
Bottom of the 6th over - 3 runs, 3 hits, 0 errors, 3 left on base; Chattanooga 2 - Erie 4
TOP OF THE 7TH
Chattanooga Lookouts batting - Pitching for Erie SeaWolves : RHP Andy Thoennes
Batting: RHB Nick Phipps 0-0: Ball
1-0: Ball
2-0: Called Strike
2-1: Foul Ball, location: 2F
2-2: Foul Ball, location: 2F
2-2: Strikes out swinging
Batting: RHB Jose Gracia 0-0: Ground out 2-3 (Groundball, 15S, EV 68.8 MPH)
Batting: LHB Harris Vink 0-0: Called Strike
0-1: Foul Ball, location: 2F
0-2: Ball
1-2: Ball
2-2: SINGLE (Flyball, 89S, EV 90.6 MPH)
Batting: SHB Matt Urbani 0-0: Called Strike
0-1: Ball
1-1: Called Strike
1-2: Reached on error, E6 (Groundball, 6M, EV 88.1 MPH)
Harris Vink to second
Batting: RHB Leo Gonzalez 0-0: Ball
1-0: Fielders Choice at 2nd, 6-4 (Groundball, 6, EV 85.6 MPH)
Top of the 7th over - 0 runs, 1 hit, 1 error, 2 left on base; Chattanooga 2 - Erie 4
BOTTOM OF THE 7TH
Erie SeaWolves batting - Pitching for Chattanooga Lookouts : LHP John Pedlar
Pitching: RHP Orlando Guapo
Batting: RHB Mike Sebastian 0-0: Ball
1-0: Fly out, F4 (Popup, 4S, EV 83.1 MPH)
Batting: RHB Jose Evangelista 0-0: Ball
1-0: Called Strike
1-1: Foul Ball, location: 2F
1-2: Ball
2-2: Strikes out swinging
Batting: RHB Willie Ochoa 0-0: Foul Ball, location: 2F
0-1: Swinging Strike
0-2: DOUBLE (Line Drive, 7LM, EV 89.4 MPH)
Batting: RHB John Evancho 0-0: Swinging Strike
0-1: Foul Ball, location: 2F
0-2: Strikes out swinging
Bottom of the 7th over - 0 runs, 1 hit, 0 errors, 1 left on base; Chattanooga 2 - Erie 4
TOP OF THE 8TH
Chattanooga Lookouts batting - Pitching for Erie SeaWolves : RHP Andy Thoennes
Pitching: RHP Eddie Hodgson
Batting: LHB Jon Ventura 0-0: Called Strike
0-1: Called Strike
0-2: Ball
1-2: Ball
2-2: Ground out 5-3 (Groundball, 5, EV 85.0 MPH)
Batting: LHB Israel Montoya 0-0: Foul Ball, location: 2F
0-1: Swinging Strike
0-2: Ball
1-2: Ball
2-2: Ball
3-2: Strikes out swinging
Batting: RHB Michael McDonald 0-0: Foul Ball, location: 2F
0-1: Foul Ball, location: 2F
0-2: Ball
1-2: SINGLE (Flyball, 34D, EV 91.2 MPH)
Batting: RHB John Dew 0-0: Called Strike
0-1: Ball
1-1: Ball
2-1: SINGLE (Groundball, 34D, EV 95.0 MPH)
Michael McDonald to second
Runner from 2nd tries for 3rd, SAFE, throw by RF made to third
Batting: RHB Nick Phipps 0-0: Foul Ball, location: 2F
0-1: Foul Ball, location: 2F
0-2: Ball
1-2: Ball
2-2: Strikes out swinging
Top of the 8th over - 0 runs, 2 hits, 0 errors, 2 left on base; Chattanooga 2 - Erie 4
BOTTOM OF THE 8TH
Erie SeaWolves batting - Pitching for Chattanooga Lookouts : RHP Orlando Guapo
Batting: LHB Nick Nino 0-0: Ball
1-0: Foul Ball, location: 2F
1-1: Swinging Strike
1-2: Foul Ball, location: 2F
1-2: SINGLE (Groundball, 4S, EV 60.6 MPH) (infield hit)
Batting: RHB Eric Angelle 0-0: Ball
1-0: Hit by Pitch
Nick Nino to second
Batting: RHB Tony Soto 0-0: Ball
1-0: Swinging Strike
1-1: Grounds into double play, 6-4-3 (Groundball, 6, EV 88.8 MPH)
Nick Nino to third
Batting: RHB Adam MacConnell 0-0: Foul Ball, location: 2F
0-1: Ball
1-1: SINGLE (Groundball, 4MD, EV 95.0 MPH)
Nick Nino scores
Batting: RHB Benny O'Connor 0-0: Foul Ball, location: 2F
0-1: Ball
1-1: Foul Ball, location: 2F
1-2: Fielders Choice at 2nd, 6-4 (Groundball, 6, EV 79.4 MPH)
Bottom of the 8th over - 1 run, 2 hits, 0 errors, 1 left on base; Chattanooga 2 - Erie 5
TOP OF THE 9TH
Chattanooga Lookouts batting - Pitching for Erie SeaWolves : RHP Eddie Hodgson
Pitching: RHP Cameron Maxwell
Batting: RHB Jose Gracia 0-0: Ball
1-0: Ball
2-0: SOLO HOME RUN (Flyball, 7D, EV 98.1 MPH), Distance : 382 ft
Batting: LHB Harris Vink 0-0: Ball
1-0: Called Strike
1-1: Called Strike
1-2: Ball
2-2: Fly out, F8 (Flyball, 8RS, EV 78.8 MPH)
Batting: SHB Matt Urbani 0-0: Called Strike
0-1: Ball
1-1: Ball
2-1: Called Strike
2-2: Strikes out swinging
Batting: RHB Leo Gonzalez 0-0: Fly out, F8 (Flyball, 8RM, EV 89.4 MPH)
Top of the 9th over - 1 run, 1 hit, 0 errors, 0 left on base; Chattanooga 3 - Erie 5
Tuesday, March 28th , 2023 - OOTP Baseball 23.10 Build 110